 Dungeon Crawl Stone Soup version 0.29-a0-973-gac7da5f7f0 (webtiles) character file.

Game seed: 15484947050076853576

328373 RBrandon the Polluter (level 20, -10/160 (174) HPs)
             Began as a Green Draconian Abyssal Knight on July 31, 2022.
             Was the Champion of Lugonu.
             Killed from afar by a war gargoyle (15 damage)
             ... with a spray of metal splinters
             ... on level 5 of the Vaults.
             The game lasted 02:27:41 (45475 turns).

RBrandon the Polluter (DrAK)                       Turns: 45475, Time: 02:27:41

HP:   -10/160 (174) AC: 19    Str: 19    XL:     20   Next: 80%
MP:   11/28         EV: 18    Int: 17    God:    Lugonu [******]
Gold: 3781          SH: 18    Dex: 17    Spells: 0/28 levels left

rFire   + . .      SeeInvis +   a - +3 greatsling "Punk" {acid, rCorr}
rCold   + . .      Faith    .   t - +5 kite shield {rC+ rF+}
rNeg    . . .      Spirit   .   (body armour unavailable)
rPois   +          Reflect  .   U - +0 mask of the Dragon {Will+ Slay+3 SInv}
rElec   +          Harm     .   g - +2 cloak
rCorr   +          Rampage  .   Q - +2 pair of gloves "Humuos" {rElec rPois}
Will    ++...                   J - +2 pair of boots
Stlth   ++........              Z - amulet of regeneration
HPRegen 1.16/turn               N - +6 ring of intelligence
MPRegen 0.21/turn               X - +4 ring of slaying

@: drained
A: breathe noxious fumes, AC +10, unfitting armour, stinger 1, poison
resistance, cold-blooded
}: 2/15 runes: barnacled, gossamer
a: Breathe Noxious Fumes, Renounce Religion, Depart the Abyss, Bend Space,
Banish, Corrupt, Enter the Abyss, Brand Weapon With Distortion


You were on level 5 of the Vaults.
You worshipped Lugonu.
Lugonu was exalted by your worship.
You visited 6 branches of the dungeon, and saw 35 of its levels.
You visited the Abyss 1 time.
You visited 1 bazaar.
You also visited: Bailey and Ice Cave.

You collected 6797 gold pieces.
You spent 3016 gold pieces at shops.

Inventory:

Hand Weapons
 a - the +3 greatsling "Punk" (weapon) {acid, rCorr}
   (You bought it in a shop in a bazaar)

   Any ammunition fired from it is coated in acid, damaging and corroding those
   it strikes.
   rCorr:     It protects you from acid and corrosion.
 O - a +9 demon trident of venom
   (You took it off a merfolk impaler on level 1 of the Shoals)
Missiles
 d - 5 throwing nets
 j - 74 boomerangs
 r - 13 atropa-tipped darts
 v - 13 curare-tipped darts
Armour
 g - a +2 cloak (worn)
 t - a +5 kite shield of resistance (worn)
   (You found it on level 2 of the Dungeon)
 J - a +2 pair of boots (worn)
 Q - the +2 pair of gloves "Humuos" (worn) {rElec rPois}
   (You found it in an ice cave)

   rElec:     It insulates you from electricity.
   rPois:     It protects you from poison.
 U - the +0 mask of the Dragon (worn) {Will+ Slay+3 SInv}
   (You found it on level 3 of the Lair of Beasts)

   Slay:      It affects your accuracy & damage with ranged weapons and melee
   (+3).
   SInv:      It lets you see invisible.
   Will:      It increases your willpower.
Magical Staves
 b - a staff of poison
Jewellery
 q - the ring "Qitt" {rF+ rC+}
   (You found it on level 1 of the Spider Nest)

   [ring of protection from cold]

   rF:        It protects you from fire.
   rC:        It protects you from cold.
 D - an amulet of guardian spirit
 H - a +6 ring of intelligence
 N - a +6 ring of intelligence (left hand)
 X - a +4 ring of slaying (right hand)
 Z - an amulet of regeneration (around neck)
Wands
 n - a wand of digging (15)
 y - a wand of mindburst (33)
 B - a wand of quicksilver (25)
 K - a wand of iceblast (19)
 Y - a wand of paralysis (24)
Scrolls
 o - 3 scrolls of blinking
 s - 9 scrolls of vulnerability
 u - 3 scrolls of amnesia
 z - 3 scrolls of magic mapping
 C - 8 scrolls of fear
 E - 15 scrolls of teleportation
 I - 9 scrolls of butterflies
 L - 6 scrolls of poison
 M - 2 scrolls of immolation
 T - a scroll of silence
 V - a scroll of torment
Potions
 c - 7 potions of attraction
 e - 6 potions of brilliance
 f - 7 potions of magic
 h - 5 potions of cancellation
 i - 12 potions of heal wounds
 k - 5 potions of lignification
 l - 8 potions of curing
 m - 7 potions of haste
 p - 4 potions of flight
 w - 5 potions of mutation
 A - 7 potions of ambrosia
 S - 2 potions of resistance
 W - a potion of invisibility
Miscellaneous
 x - a phantom mirror (inert)
 F - a condenser vane (inert)
 G - a tin of tremorstones (2/2)
 R - a phial of floods


   Skills:
 + Level 14.0 Fighting
 - Level 2.1 Maces & Flails
 - Level 14.1 Ranged Weapons
 - Level 9.5 Throwing
 + Level 11.6 Dodging
 - Level 1.0 Stealth
 + Level 13.1 Shields
 - Level 4.7 Spellcasting
 - Level 10.1 Conjurations
 - Level 9.0 Transmutations
 - Level 10.5 Fire Magic
 - Level 19.4 Poison Magic
 - Level 11.8 Invocations
 - Level 9.0 Evocations


You couldn't memorise any spells.
You knew the following spells:

 Your Spells              Type           Power      Damage    Failure   Level
a - Conjure Flame         Conj/Fire      39%        6-21      1%          3
b - Eringya's Noxious Bo  Tmut/Pois      25%        N/A       12%         6
c - Mephitic Cloud        Conj/Pois/Air  37%        N/A       1%          3
d - Ignite Poison         Fire/Tmut/Pois 48%        N/A       1%          3
e - Sticky Flame          Conj/Fire      39%        2d6       4%          4
f - Olgreb's Toxic Radia  Pois           63%        N/A       1%          4
g - Alistair's Intoxicat  Tmut/Pois      34%        N/A       2%          5

Your spell library contained the following spells:

 Spells                   Type           Power      Damage    Failure   Level
 Beastly Appendage        Tmut           68%        N/A       1%          1
 Magic Dart               Conj           100%       1d8       1%          1
 Sting                    Tmut/Pois      100%       1d8       1%          1
 Poisonous Vapours        Pois/Air       74%        N/A       1%          2
 Searing Ray              Conj           76%        2d7       1%          2
 Wereblood                Tmut           34%        N/A       1%          2
 Spider Form              Tmut/Pois      51%        N/A       1%          3
 Static Discharge         Conj/Air       21%        3-6/arc   5%          2
 Passwall                 Tmut/Erth      15%        N/A       7%          2
 Dazzling Flash           Conj/Hex       42%        N/A       11%         3
 Stone Arrow              Conj/Erth      42%        3d9       11%         3
 Freeze                   Ice            16%        1d4       28%         1
 Sandblast                Erth           8%         2d5       28%         1
 Fulminant Prism          Conj/Hex       10%        3d9       34%         4
 Hailstorm                Conj/Ice       21%        3d6       34%         4
 Frozen Ramparts          Ice            8%         1d2       63%         3
 Gell's Gravitas          Tloc           4%         N/A       63%         3
 Teleport Other           Tloc           4%         N/A       63%         3
 Lightning Bolt           Conj/Air       10%        1d23      67%         5
 Freezing Cloud           Conj/Ice/Air   7%         6-21      89%         5
 Airstrike                Air            2%         0-2+      95%         4
 Dispel Undead            Necr           4%         3d7       95%         4
 Leda's Liquefaction      Hex/Erth       2%         N/A       95%         4
 Summon Ice Beast         Ice/Summ       4%         N/A       95%         4
 Summon Lightning Spire   Summ/Air       4%         N/A       95%         4
 Agony                    Necr           4%         N/A       100%        5
 Borgnjor's Vile Clutch   Necr/Erth      2%         N/A       100%        5
 Lee's Rapid Deconstruct  Erth           2%         3d5*      100%        5
 Silence                  Hex/Air        2%         N/A       100%        5
 Summon Mana Viper        Hex/Summ       4%         N/A       100%        5
 Dispersal                Tloc           2%         N/A       100%        6
 Simulacrum               Ice/Necr       2%         N/A       100%        6
 Statue Form              Tmut/Erth      12%        N/A       100%        6
 Monstrous Menagerie      Summ           2%         N/A       100%        7
 Polar Vortex             Ice            2%         N/A       100%        9
 Animate Armour           Summ/Erth      Unusable   N/A       N/A         4

Dungeon Overview and Level Annotations

Branches:
Dungeon (15/15)            Temple (0/1) D:5            Lair (5/5) D:8
 Shoals (4/4) Lair:3       Spider (4/4) Lair:2        Slime (0/5) Lair:5
    Orc (2/2) D:9             Elf (0/3) Orc:2        Vaults (5/5) D:13
  Crypt (0/3) Vaults:3     Depths (0/4) D:15         Bailey (visited)
  IceCv (visited)

Altars:
Ashenzari
Dithmenos
Elyvilon
Kikubaaqudgha
Makhleb
Qazlal
Ru
Trog
Wu Jian
Xom
Yredelemnul
The Shining One
Jiyva

Shops:
D:1 (   D:7 ?   Orc:1 [   Orc:2 (([?!?*   Shoals:1 ?

Portals:
Trove: D:15 (give 6 scrolls of fear)

Annotations:
D:12 2 transporters, corrupted, gdog's ghost, journeyman GnDe
D:13 corrupted
Lair:5 1 runed translucent door
Spider:1 corrupted
Vaults:4 exclusion: obsidian statue
Abyss:1 Josephine


Innate Abilities, Weirdness & Mutations

You can breathe blasts of noxious fumes.
Your lurid green scales are hard. (AC +10)
You cannot fit into any form of body armour.
Your tail ends in a venomous barb.
Your system is resistant to poisons. (rPois)
You are cold-blooded and may be slowed by cold attacks.


Message History

The spray of metal splinters misses you.
You block the shadow dragon's attack.
The shadow dragon completely misses you.
The shadow dragon claws you but does no damage.
Fire: a) +3 greatsling "Punk" {acid, rCorr}
Press: ? - help, Shift-Dir - straight line, f/p - shadow dragon
Aim: a shadow dragon (heavily wounded, covered in acid, 77% to hit)
You shoot a sling bullet.
The sling bullet hits the shadow dragon!
The shadow dragon is splashed with acid.
The shadow dragon seems to be corroded for longer.
The shadow dragon is severely wounded.
The war gargoyle launches metal splinters at you.
The spray of metal splinters hits you!!
* * * LOW HITPOINT WARNING * * *
Fire: a) +3 greatsling "Punk" {acid, rCorr}
Press: ? - help, Shift-Dir - straight line, f/p - shadow dragon
Aim: a shadow dragon (severely wounded, covered in acid, 77% to hit)
You shoot a sling bullet.
The sling bullet barely misses the shadow dragon.
The war gargoyle hits you with a +1 flail of protection.
* * * LOW HITPOINT WARNING * * *
The shadow dragon misses you. You block the shadow dragon's attack.
The shadow dragon claws you!
* * * LOW HITPOINT WARNING * * *
Fire: a) +3 greatsling "Punk" {acid, rCorr}
Press: ? - help, Shift-Dir - straight line, f/p - shadow dragon
Aim: a shadow dragon (severely wounded, covered in acid, 77% to hit)
You shoot a sling bullet.
The sling bullet hits the shadow dragon.
The shadow dragon is splashed with acid.
The shadow dragon seems to be corroded for longer.
The shadow dragon is severely wounded.
The war gargoyle hits you but does no damage.
The shadow dragon breathes negative energy at you.
The bolt of negative energy hits you!!!
You feel drained.
* * * LOW HITPOINT WARNING * * *
The war gargoyle launches metal splinters at you.
The spray of metal splinters hits you!
You die...

#.....#...
#......# #..#
#)[# #..# #.)#
#§§# #9D# #.@#
#..#..#...
#..#...#...
#..#....#..
#..#.....#
#..#......
#..#......
#...§§
#....##########


You could see a shadow dragon (catching breath, corroded) and a war gargoyle
(catching breath, corroded).

Vanquished Creatures
  Saint Roka (Vaults:1)
  Nikola (Shoals:4)
  Arachne (Spider:4)
  A tentacled monstrosity (Vaults:5)
  A titan (Shoals:4)
  Agnes (Spider:3)
  A tengu reaver (Vaults:3)
  A storm dragon (Vaults:5)
  15 vault wardens
  9 emperor scorpions
  5 ghost moths
  Aizul (Spider:2)
  A frost giant (Shoals:2)
  An orc warlord (Vaults:3)
  15 ironbound preservers
  A broodmother (Spider:4)
  12 very ugly things
  2 stone giants
  9 ironbound thunderhulks
  The ghost of kevlar127 the Grappler, a journeyman TrBe of Trog (Orc:2)
  4 entropy weavers
  9 dire elephants
  10 merfolk impalers
  2 crystal guardians
  6 merfolk javelineers
  A quicksilver dragon zombie (D:15)
  4 great orbs of eyes
  5 yaktaur captains
  A rakshasa (D:15)
  A boulder beetle (D:11)
  2 peacekeepers
  14 vault guards
  10 ironbound frosthearts
  A two-headed ogre (D:13)
  6 hydras
  2 merfolk avatars (Shoals:3)
  A radroach (Spider:2)
  A spriggan skeleton (D:15)
  3 catoblepae
  8 merfolk aquamancers
  3 centaur warriors
  2 satyrs
  5 death yaks (Lair:1)
  An alligator snapping turtle (Shoals:3)
  A tengu warrior (D:14)
  4 orc high priests (Orc:2)
  Urug (D:12)
  A storm dragon zombie (Vaults:2)
  7 hell knights (Vaults:1)
  5 fire crabs (Lair:4)
  A storm dragon skeleton (D:15)
  4 skeletal warriors
  5 pharaoh ants
  44 deep trolls
  A swamp dragon (Lair:5)
  14 sea snakes
  7 steelbarb worms
  8 orc knights
  7 orb spiders
  8 wizards
  14 lindwurms
  A phantasmal warrior (D:15)
  22 harpies
  Pikel (D:8)
  15 ironbound convokers
  30 ugly things
  4 fauns (Shoals:1)
  14 wolf spiders
  5 necromancers
  3 orc sorcerers (Orc:2)
  A human zombie (Vaults:2)
  14 cyclopes
  15 manticores
  15 elephants
  A stone giant zombie (Vaults:2)
  3 centaur zombies (D:14)
  3 moths of wrath
  Maurice (D:12)
  2 stone giant skeletons
  5 merfolk sirens
  15 vault sentinels
  11 water nymphs
  5 black mambas
  3 gargoyles
  14 cane toads
  A torpor snail (Spider:2)
  3 rime drakes
  An efreet (D:13)
  An unseen horror (D:12)
  17 demonic crawlers
  2 tengu conjurers
  13 komodo dragons
  36 yaktaurs
  A yaktaur skeleton (Vaults:2)
  10 polar bears
  31 merfolk
  11 wind drakes
  7 trolls
  A human skeleton (Vaults:2)
  18 tarantellas
  24 blink frogs
  8 dream sheep
  35 slime creatures
  A raiju (Lair:5)
  2 meliai zombies (D:14)
  2 stone giant simulacra (Vaults:2)
  34 jumping spiders
  10 snapping turtles
  13 culicivoras
  24 water elementals
  A shadow (D:13)
  61 yaks
  6 air elementals (Shoals:4)
  5 wraiths
  A deep troll skeleton (Vaults:2)
  3 vampires
  A wyvern (Lair:4)
  3 basilisks
  5 steam dragons
  44 redbacks
  9 wargs
  An ogre zombie (Vaults:2)
  15 water moccasins
  3 acid dragons
  16 hell hounds (Lair:5)
  2 ice beasts
  A sky beast (D:8)
  26 orc warriors
  14 black bears
  A swamp drake (Lair:5)
  9 ogres
  31 wolves
  10 centaurs
  3 lemures (D:8)
  A phantom (D:7)
  16 kobold brigands
  10 bullfrogs
  7 scorpions
  A cane toad simulacrum (IceCv)
  3 necrophages (D:7)
  A gnoll sergeant (D:7)
  5 wights (D:10)
  9 killer bees
  An electric eel (Spider:3)
  6 howler monkeys
  A lava snake (Lair:1)
  A jelly (D:6)
  4 hounds
  20 orc priests
  A gnoll bouda (D:8)
  29 orc wizards
  Jessica (D:2)
  10 iguanas
  2 polar bear simulacra (IceCv)
  A wolf simulacrum (IceCv)
  18 gnolls
  8 adders
  3 river rats (Lair:3)
  3 white imps
  A worm (D:2)
  A dart slug (D:3)
  75 orcs
  4 endoplasms
  5 giant cockroaches
  9 goblins
  5 hobgoblins
  4 quokkas
  8 ball pythons
  5 bats
  A frilled lizard (D:2)
  30 kobolds
  9 rats
1413 creatures vanquished.

Vanquished Creatures (collateral kills)
  A dread lich (Vaults:5)
  Donald (Spider:4)
  An entropy weaver (Spider:4)
  A vault guard (Vaults:5)
  A two-headed ogre (D:8)
  A redback (Spider:4)
6 creatures vanquished.

Vanquished Creatures (others)
  Rupert (D:12)
  A ghost moth (Spider:1)
  Azrael (D:13)
  A spark wasp (Spider:1)
  A jorogumo (Spider:1)
  A radroach (Spider:1)
  A satyr (Shoals:4)
  A two-headed ogre (D:12)
  Nergalle (D:12)
  A sun moth (Spider:1)
  2 orb spiders (Spider:1)
  3 wolf spiders (Spider:1)
  2 ugly things (IceCv)
  3 ice statues (IceCv)
  A moth of wrath (Spider:1)
  2 demonic crawlers (Spider:1)
  An entropy weaver simulacrum (IceCv)
  A troll (D:12)
  10 tarantellas (Spider:1)
  8 slime creatures
  9 culicivoras (Spider:1)
  A dire elephant simulacrum (IceCv)
  9 jumping spiders (Spider:1)
  A water elemental (Shoals:4)
  A fire elemental (D:13)
  15 redbacks (Spider:1)
  A death yak simulacrum (IceCv)
  3 hell hounds (D:13)
  An orc warrior (D:9)
  A wolf simulacrum (IceCv)
  An adder (D:2)
  2 kobolds
  20 fungi
  104 plants
  10 starspawn tentacles
  7 withered plants
229 creatures vanquished.

Grand Total: 1648 creatures vanquished

Notes
Turn   | Place    | Note
-------+----------+-------------------------------------------
     0 | Abyss:1  | RBrandon the Draconian Abyssal Knight began the quest for
                  | the Orb.
     0 | Abyss:1  | Reached XP level 1. HP: 19/19 MP: 2/2
     1 | D:1      | Escaped the Abyss
    19 | D:1      | Found Gunuac's Weapon Shoppe.
   394 | D:1      | Reached XP level 2. HP: 26/26 MP: 3/3
  1651 | D:2      | Found a faded altar of an unknown god.
  1817 | D:2      | Reached XP level 3. HP: 30/33 MP: 4/4
  1820 | D:2      | Noticed Jessica
  1830 | D:2      | Killed Jessica
  2188 | D:2      | Reached XP level 4. HP: 33/40 MP: 6/6
  2423 | D:3      | Reached *** piety under Lugonu
  2430 | D:3      | Reached skill level 1 in Stealth
  2685 | D:3      | Found a white marble altar of Elyvilon.
  2757 | D:3      | Reached skill level 1 in Shields
  3179 | D:4      | Noticed a black bear
  3186 | D:4      | Killed a black bear
  3187 | D:4      | Reached XP level 5. HP: 42/46 MP: 7/7
  3560 | D:4      | Found a shadowy altar of Dithmenos.
  3563 | D:4      | Found a burning altar of Makhleb.
  3703 | D:4      | Reached XP level 6. HP: 52/52 MP: 8/8
  3847 | D:5      | Entered Level 5 of the Dungeon
  3869 | D:5      | Noticed an ice beast
  3896 | D:5      | Killed an ice beast
  3897 | D:5      | Reached skill level 5 in Shields
  4058 | D:5      | Your scales start taking on a lurid green colour.
  4058 | D:5      | Reached XP level 7. HP: 51/59 MP: 9/9
  4058 | D:5      | Gained mutation: Your system is resistant to poisons.
                  | (rPois) [Green Draconian growth]
  4250 | D:5      | Found a staircase to the Ecumenical Temple.
  4388 | D:5      | Found a basalt altar of Yredelemnul.
  4890 | D:6      | Reached skill level 5 in Invocations
  5021 | D:6      | Found a bloodstained altar of Trog.
  5202 | D:6      | Reached **** piety under Lugonu
  5318 | D:6      | Found a glowing golden altar of the Shining One.
  5446 | D:6      | Reached XP level 8. HP: 65/66 MP: 13/13
  5792 | D:6      | Found an ornate altar of the Wu Jian Council.
  6199 | D:7      | Found Peneodir's Magic Scroll Shoppe.
  6211 | D:7      | Bought 3 scrolls of enchant weapon for 270 gold pieces
  6211 | D:7      | Bought a scroll of teleportation for 36 gold pieces
  6238 | D:7      | Found a broken altar of Ashenzari.
  6279 | D:7      | Reached skill level 5 in Fighting
  6283 | D:7      | Identified a scroll of acquirement
  6648 | D:7      | Reached XP level 9. HP: 53/74 MP: 15/15
  7102 | D:8      | HP: 2/75 [warg (6)]
  7105 | D:8      | Reached skill level 5 in Dodging
  7119 | D:8      | Gained mutation: Potions are less effective at restoring
                  | your health. [potion of mutation]
  7119 | D:8      | Gained mutation: You possess an exceptional clarity of
                  | mind. [potion of mutation]
  7119 | D:8      | Gained mutation: You have sharp toenails. [potion of
                  | mutation]
  7142 | D:7      | Lost mutation: You have sharp toenails. [potion of
                  | mutation]
  7142 | D:7      | Lost mutation: Potions are less effective at restoring your
                  | health. [potion of mutation]
  7360 | D:8      | Found a flagged portal.
  7378 | Bailey   | Entered a bailey
  7446 | Bailey   | Reached ***** piety under Lugonu
  7851 | Bailey   | Found a bloodstained altar of Trog.
  8206 | D:8      | Found a sacrificial altar of Ru.
  8588 | D:8      | Found a staircase to the Lair.
  8657 | D:8      | Noticed a two-headed ogre
  8669 | D:8      | Killed a two-headed ogre
  8670 | D:8      | Reached XP level 10. HP: 91/91 MP: 16/16
  8682 | D:8      | Noticed Pikel
  8951 | D:8      | Killed Pikel
  8952 | D:8      | Reached skill level 10 in Fighting
  9445 | Lair:1   | Entered Level 1 of the Lair of Beasts
  9503 | Lair:1   | Reached skill level 10 in Invocations
  9668 | Lair:1   | Noticed a cane toad
  9679 | Lair:1   | Killed a cane toad
  9804 | Lair:1   | Noticed a cane toad
  9812 | Lair:1   | Killed a cane toad
  9822 | Lair:1   | Reached XP level 11. HP: 34/99 MP: 14/19
 10377 | Lair:1   | Noticed a six-headed hydra
 10378 | Lair:1   | Banished a six-headed hydra
 10513 | Lair:1   | Noticed a five-headed hydra
 10514 | Lair:1   | Banished a five-headed hydra
 10700 | Lair:1   | Noticed a death yak
 10701 | Lair:1   | Noticed a fire dragon
 10701 | Lair:1   | Noticed a death yak
 10702 | Lair:1   | Noticed a death yak
 10703 | Lair:1   | Banished a fire dragon
 10703 | Lair:1   | Noticed a death yak
 10704 | Lair:1   | Noticed a death yak
 10712 | Lair:1   | Killed a death yak
 10713 | Lair:1   | Reached skill level 5 in Throwing
 10727 | Lair:1   | Killed a death yak
 10732 | Lair:1   | Killed a death yak
 10733 | Lair:1   | Killed a death yak
 10751 | Lair:1   | Killed a death yak
 10934 | Lair:1   | Identified the +6 great sword "Hydraslayer" {freeze, rC+
                  | Will+}
 10938 | Lair:1   | Identified the +2 morningstar "Olluxoet" {vorpal, Will+
                  | Str+2}
 10940 | Lair:1   | Got the Grimoire of Terra Firma
 11130 | Lair:2   | Noticed a five-headed hydra
 11135 | Lair:2   | Banished a five-headed hydra
 11484 | Lair:2   | Reached XP level 12. HP: 106/106 MP: 20/20
 11577 | Lair:2   | Learned a level 3 spell: Conjure Flame
 11581 | Lair:2   | Learned a level 3 spell: Stone Arrow
 11749 | Lair:2   | Reached skill level 1 in Fire Magic
 11751 | Lair:2   | Reached skill level 1 in Conjurations
 11752 | Lair:2   | Found a hole to the Spider Nest.
 12972 | Lair:3   | Found a frozen archway.
 12978 | IceCv    | Entered an ice cave
 13244 | IceCv    | Corrupted IceCv
 13244 | IceCv    | Noticed a reaper
 13244 | IceCv    | Noticed a starcursed mass
 13314 | IceCv    | Noticed a tentacled starspawn
 13326 | IceCv    | Noticed a starcursed mass
 13336 | IceCv    | Identified the +2 pair of gloves "Humuos" {rElec rPois}
 13349 | IceCv    | Got the Collected Works on the Mercurial Squall
 13669 | Lair:2   | Learned a level 3 spell: Mephitic Cloud
 13691 | Lair:3   | Reached skill level 1 in Spellcasting
 14062 | Lair:3   | Learned a level 3 spell: Ignite Poison
 14141 | Lair:3   | Reached skill level 2 in Poison Magic
 14171 | Lair:3   | Reached skill level 3 in Poison Magic
 14178 | Lair:3   | Reached skill level 4 in Poison Magic
 14246 | Lair:3   | Reached skill level 5 in Poison Magic
 14625 | Lair:3   | Reached skill level 6 in Poison Magic
 15025 | Lair:3   | Found a staircase to the Shoals.
 15461 | Lair:3   | Found the +0 mask of the Dragon {Will+ Slay+3 SInv}
 15816 | Lair:4   | Reached skill level 7 in Poison Magic
 16091 | Lair:4   | Reached XP level 13. HP: 113/113 MP: 21/21
 16138 | Lair:4   | Reached skill level 8 in Poison Magic
 16254 | Lair:4   | Found a runed translucent door.
 16863 | Lair:4   | Reached skill level 5 in Fire Magic
 17416 | Lair:4   | Noticed an entropy weaver
 17452 | Lair:4   | Banished an entropy weaver
 17453 | Lair:4   | Reached skill level 5 in Conjurations
 17655 | Lair:4   | Noticed an entropy weaver
 17662 | Lair:4   | Banished an entropy weaver
 18104 | Lair:4   | Noticed an entropy weaver
 18108 | Lair:4   | Banished an entropy weaver
 18278 | Lair:5   | Entered Level 5 of the Lair of Beasts
 18346 | Lair:5   | Learned a level 4 spell: Sticky Flame
 19029 | Lair:5   | Gained mutation: Your tail ends in a venomous barb. [Green
                  | Draconian growth]
 19029 | Lair:5   | Reached XP level 14. HP: 104/121 MP: 22/22
 19311 | Lair:5   | Found a runed translucent door.
 19311 | Lair:5   | Found a viscous altar of Jiyva.
 19317 | Lair:5   | Found a staircase to the Slime Pits.
 19317 | Lair:5   | Noticed an acid blob
 19318 | Lair:5   | Noticed an acid blob
 19870 | Lair:5   | Reached skill level 10 in Fire Magic
 20233 | Lair:5   | Reached skill level 10 in Conjurations
 20688 | D:9      | Found a staircase to the Orcish Mines.
 21404 | Orc:1    | Entered Level 1 of the Orcish Mines
 21407 | Orc:1    | Found Amof's Armour Shoppe.
 21431 | Orc:1    | Reached ****** piety under Lugonu
 21789 | Orc:2    | Entered Level 2 of the Orcish Mines
 21793 | Orc:2    | Found Dib Imon's Assorted Antiques.
 21802 | Orc:2    | Bought a potion of heal wounds for 150 gold pieces
 21825 | Orc:2    | Acquired 545 gold pieces
 21828 | Orc:2    | Acquired 1213 gold pieces
 21840 | Orc:2    | Found a flickering gateway to a bazaar.
 21846 | Orc:2    | Found a runed translucent gate.
 21847 | Orc:2    | Found a runed translucent gate.
 21849 | Bazaar   | Entered a bazaar
 21849 | Bazaar   | Found Orrum's Weapon Boutique.
 21849 | Bazaar   | Found Zeliu's Assorted Antiques.
 21849 | Bazaar   | Found Lani's Assorted Antiques.
 21850 | Bazaar   | Found Pelifu's Antique Weapon Emporium.
 21850 | Bazaar   | Found Lejem's Magic Scroll Emporium.
 21859 | Bazaar   | Bought the +3 greatsling "Punk" {acid, rCorr} for 1126 gold
                  | pieces
 21859 | Bazaar   | Found the +3 greatsling "Punk" {acid, rCorr}
 21865 | Bazaar   | Bought a potion of invisibility for 176 gold pieces
 21865 | Bazaar   | Bought a scroll labelled ODGHAXU WIWEHONT for 22 gold
                  | pieces
 21872 | Bazaar   | Bought a scroll of acquirement for 520 gold pieces
 21873 | Bazaar   | Acquired 724 gold pieces
 21880 | Bazaar   | Bought a potion of heal wounds for 125 gold pieces
 21894 | Orc:2    | Reached skill level 1 in Ranged Weapons
 21896 | Orc:2    | Noticed kevlar127's ghost (journeyman TrBe)
 21920 | Orc:2    | Found a runed translucent gate.
 22003 | Orc:2    | Found Guips's Weapon Shoppe.
 22179 | Orc:2    | Found Bupo's Weapon Shop.
 22484 | Orc:2    | Gained mutation: You occasionally lose the ability to drink
                  | potions when taking damage. [a neqoxec]
 22654 | Orc:2    | Reached skill level 5 in Ranged Weapons
 22752 | Orc:2    | Found a staircase to the Elven Halls.
 22955 | Orc:2    | Found Kyvauv's Magic Scroll Boutique.
 22955 | Orc:2    | Found Qirchos's Distillery.
 22957 | Orc:2    | Found Xaehaont's Magic Scroll Boutique.
 22957 | Orc:2    | Found Ruom's Armour Shoppe.
 22968 | Orc:2    | Bought a potion of haste for 120 gold pieces
 22968 | Orc:2    | Bought a potion of heal wounds for 60 gold pieces
 22968 | Orc:2    | Bought a potion of mutation for 96 gold pieces
 22970 | Orc:2    | Lost mutation: You occasionally lose the ability to drink
                  | potions when taking damage. [potion of mutation]
 22970 | Orc:2    | Lost mutation: You possess an exceptional clarity of mind.
                  | [potion of mutation]
 22970 | Orc:2    | Gained mutation: You have a pair of small horns on your
                  | head. [potion of mutation]
 22970 | Orc:2    | Gained mutation: Your muscles are strong. (Str +4, Int/Dex
                  | -1) [potion of mutation]
 22974 | Orc:2    | Bought a scroll of butterflies for 68 gold pieces
 22974 | Orc:2    | Bought a scroll of butterflies for 68 gold pieces
 22976 | Orc:2    | Bought a scroll of enchant armour for 127 gold pieces
 22980 | Orc:2    | Bought a scroll of butterflies for 52 gold pieces
 23076 | Orc:2    | Killed kevlar127's ghost
 23258 | D:8      | Lost mutation: Your muscles are strong. (Str +4, Int/Dex
                  | -1) [potion of mutation]
 23258 | D:8      | Lost mutation: You have a pair of small horns on your head.
                  | [potion of mutation]
 23258 | D:8      | Gained mutation: You are frail. (-10% HP) [potion of
                  | mutation]
 23258 | D:8      | Gained mutation: You are agile. (Dex +4, Str/Int -1)
                  | [potion of mutation]
 23258 | D:8      | Lost mutation: You are frail. (-10% HP) [potion of
                  | mutation]
 23259 | D:8      | Lost mutation: You are agile. (Dex +4, Str/Int -1) [potion
                  | of mutation]
 23259 | D:8      | Gained mutation: Your body sometimes deteriorates upon
                  | taking damage. [potion of mutation]
 23259 | D:8      | Gained mutation: You are agile. (Dex +4, Str/Int -1)
                  | [potion of mutation]
 23346 | Lair:3   | Lost mutation: You are agile. (Dex +4, Str/Int -1) [potion
                  | of mutation]
 23346 | Lair:3   | Lost mutation: Your body sometimes deteriorates upon taking
                  | damage. [potion of mutation]
 23346 | Lair:3   | Gained mutation: Your spells are a little easier to cast,
                  | but a little less powerful. [potion of mutation]
 23346 | Lair:3   | Lost mutation: Your spells are a little easier to cast, but
                  | a little less powerful. [potion of mutation]
 23595 | D:10     | Entered Level 10 of the Dungeon
 23896 | D:10     | Reached XP level 15. HP: 104/126 MP: 23/23
 24012 | D:10     | Found a shimmering altar of Xom.
 24569 | D:11     | Identified the +5 dagger of the Solstice {elec, rElec rF-
                  | MP+9}
 25028 | D:12     | Noticed gdog's ghost (journeyman GnDe)
 25042 | D:12     | Found a transporter.
 25062 | D:12     | Found a transporter.
 25096 | D:12     | Noticed Urug
 25101 | D:12     | Killed Urug
 25129 | D:12     | Noticed Maurice
 25135 | D:12     | Noticed Rupert
 25137 | D:12     | Corrupted D:12
 25139 | D:12     | Noticed Nergalle
 25140 | D:12     | Killed Maurice
 25146 | D:12     | Killed Rupert
 25148 | D:12     | Killed Nergalle
 25455 | D:12     | Noticed Josephine
 25462 | D:12     | Banished Josephine
 26305 | D:13     | Noticed Azrael
 26309 | D:13     | Corrupted D:13
 26309 | D:13     | Noticed a tentacled starspawn
 26313 | D:13     | Noticed a Hell Sentinel
 26315 | D:13     | Killed Azrael
 26808 | D:13     | Found a gate to the Vaults.
 26988 | D:14     | Reached skill level 10 in Ranged Weapons
 27841 | D:15     | Entered Level 15 of the Dungeon
 28060 | D:15     | Found a portal to a secret trove of treasure.
 28109 | D:15     | Found a staircase to the Depths.
 29323 | Shoals:1 | Entered Level 1 of the Shoals
 29334 | Shoals:1 | Reached XP level 16. HP: 134/134 MP: 24/24
 29390 | Shoals:1 | Found Ajairph's Magic Scroll Boutique.
 29562 | Shoals:1 | Identified the +10 glaive "Lyhuamn" {venom, rElec MP-9
                  | Dex+8 Stlth+}
 31331 | Shoals:3 | Identified the +1 ring mail of the Pirate {rC- Regen+
                  | Slay+3 Stlth+}
 31443 | Shoals:3 | Reached skill level 10 in Shields
 32164 | Shoals:4 | Entered Level 4 of the Shoals
 32235 | Shoals:4 | Reached XP level 17. HP: 144/144 MP: 25/25
 32245 | Shoals:4 | Noticed Nikola
 32269 | Shoals:4 | Killed Nikola
 32347 | Shoals:4 | Found a stormy altar of Qazlal.
 32555 | Shoals:4 | Noticed a titan
 32573 | Shoals:4 | Killed a titan
 32652 | Shoals:4 | Paralysed by an air elemental for 1 turns
 32734 | Shoals:4 | Got a barnacled rune of Zot
 32742 | Shoals:4 | Identified the +4 spear of Piapn {flame, Str+9}
 32873 | Shoals:4 | Identified the +8 spear "Mixue" {freeze, +Blink rN++ Int-5
                  | Stlth+}
 33044 | Shoals:4 | Reached skill level 10 in Dodging
 33056 | Shoals:4 | Paralysed by an air elemental for 1 turns
 33229 | Shoals:4 | Paralysed by an air elemental for 1 turns
 33442 | Spider:1 | Entered Level 1 of the Spider Nest
 33529 | Spider:1 | Corrupted Spider:1
 33988 | Spider:1 | Identified the ring "Qitt" {rF+ rC+}
 34619 | Spider:2 | Noticed Aizul
 34639 | Spider:2 | Killed Aizul
 35550 | Spider:2 | Identified the +8 mace "Azantan" {venom, rF++}
 35926 | Spider:3 | Noticed Agnes
 35934 | Spider:3 | Killed Agnes
 35935 | Spider:3 | Reached XP level 18. HP: 157/158 MP: 26/26
 36303 | Spider:4 | Entered Level 4 of the Spider Nest
 36321 | Spider:4 | Noticed Donald
 36376 | Spider:4 | Reached skill level 1 in Evocations
 36479 | Spider:4 | Identified the +0 plate armour of Osammen {Str+3 Int+3
                  | Dex+8 Stlth-}
 36503 | Spider:4 | Identified the +5 chain mail "Wuchanog" {Slay+5}
 36509 | Spider:4 | Learned a level 4 spell: Olgreb's Toxic Radiance
 36518 | Spider:4 | Killed Donald
 36523 | Spider:4 | Reached skill level 9 in Poison Magic
 36555 | Spider:4 | Noticed Arachne
 36598 | Spider:4 | Killed Arachne
 36799 | Spider:4 | Reached skill level 10 in Poison Magic
 36851 | Spider:4 | Reached skill level 11 in Poison Magic
 37281 | Spider:4 | Reached skill level 5 in Evocations
 37391 | Spider:4 | Got a gossamer rune of Zot
 37457 | Spider:4 | Identified the +0 hat of Viutt {Str+3}
 37817 | Vaults:1 | Entered Level 1 of the Vaults
 38205 | Vaults:1 | Noticed Saint Roka
 38224 | Vaults:1 | Killed Saint Roka
 38808 | Vaults:1 | Reached skill level 12 in Poison Magic
 38832 | Vaults:1 | Reached XP level 19. HP: 128/166 MP: 7/27
 39148 | Vaults:1 | Reached skill level 13 in Poison Magic
 39971 | Vaults:2 | Identified the +10 halberd "Exyuhequ" {drain, Contam rC+++
                  | rN++ Dex-5}
 40045 | Vaults:2 | Reached skill level 14 in Poison Magic
 40605 | Vaults:2 | Reached skill level 1 in Transmutations
 40684 | Vaults:2 | Learned a level 5 spell: Alistair's Intoxication
 41010 | Vaults:2 | Reached skill level 5 in Transmutations
 41943 | Vaults:3 | Found a staircase to the Crypt.
 41943 | Vaults:3 | Found a basalt altar of Yredelemnul.
 41943 | Vaults:3 | Found an ancient bone altar of Kikubaaqudgha.
 42540 | Vaults:3 | Reached skill level 15 in Poison Magic
 42937 | Vaults:3 | Reached XP level 20. HP: 136/173 MP: 4/28
 43145 | Vaults:3 | Reached skill level 16 in Poison Magic
 43553 | Vaults:4 | Learned a level 6 spell: Eringya's Noxious Bog
 43580 | Vaults:4 | Reached skill level 17 in Poison Magic
 44169 | Vaults:4 | Reached skill level 18 in Poison Magic
 44711 | Vaults:4 | Reached skill level 19 in Poison Magic
 45256 | Vaults:5 | Entered Level 5 of the Vaults
 45268 | Vaults:5 | Noticed a golden dragon
 45436 | Vaults:5 | Noticed a dread lich
 45444 | Vaults:5 | Paralysed by a dread lich for 5 turns
 45458 | Vaults:5 | Killed a dread lich
 45475 | Vaults:5 | HP: 5/160 [shadow dragon/bolt of negative energy (45)]
 45475 | Vaults:5 | Killed from afar by a war gargoyle

Illustrated notes

Levels and vault maps discovered:
D:1:      mrwooster_arrival_statue, layout_basic, serial_shops, shop
D:2:      layout_basic, shapermc_ecumenical_altar_acropolis,
          grunt_ministairs_15, minmay_indecisive_spiral, uniq_jessica
D:3:      layout_loops_ring, mainiacjoe_overflow_boulevard, minmay_quantized
D:4:      layout_loops_cross, nicolae_overflow_squiral
D:5:      layout_basic, mainiacjoe_overflow_six_doors_small,
          lemuel_temple_firewalk_b, serial_glass, glass_columns_c,
          glass_columns_a, kennysheep_generic_room_13
D:6:      cheibrodos_thug_alley, layout_basic, tso_oasis_becter,
          nzn_wu_jian_contemplation, nicolae_overflow_crystal_walls,
          serial_bayou_pond_c, chequers_serial_rivers_micro_d,
          minmay_misc_feat_pillars
D:7:      nicolae_cairo_tiling_large_dashed, layout_rooms,
          nicolae_ashenzari_skybound, serial_shops, shop
D:8:      layout_layer_cave, nicolae_ru_sacrificial_ziggurat,
          erik_lair_orcish_takeover, enter_bailey_3, uniq_pikel
D:9:      layout_basic, kennysheep_orc_monster_closet_entryway
D:10:     layout_irregular_city, mainiacjoe_overflow_chevrons
D:11:     layout_loops_ring
D:12:     layout_irregular_city, gammafunk_ghost_berserking_beasts,
          uniq_nergalle, uniq_rupert, uniq_josephine, uniq_urug, uniq_maurice
D:13:     layout_gridville, david_vaults_1, uniq_azrael
D:14:     layout_cave_pods, chequers_serial_rivers_marsh, serial_undead,
          serial_undead_a, serial_undead_a, serial_undead_b, serial_undead_c
D:15:     gammafunk_depths_entry_grave, layout_cave_pods,
          nicolae_trove_entry_isolated, drop_trap
Lair:1:   dragon1_lemuel, layout_hall_layers, chequers_serial_rivers_small_a
Lair:2:   hellmonk_ruined_rings, layout_chaotic_city,
          nicolae_spider_entry_non_spiders
Lair:3:   layout_roguey, shoals_dummy_entry, portal_ice_cave_entry_pillars_2,
          nicolae_quartered_pool_little, pond
Lair:4:   gammafunk_mikee_crab_dinner, layout_regular_city, grunt_megastairs_3
Lair:5:   hangedman_lair_caniforms_friends, layout_cave_pods,
          guppyfry_lair_end_dragon, slime_entry_2
Shoals:1: layout_shoals, serial_shops, nicolae_shop_stone
Shoals:2: layout_shoals, st_shoals_ruin
Shoals:3: layout_shoals
Shoals:4: shoals_end_hellmonk_storm_palace [storm_palace_center_square,
          storm_palace_corner_reverse_hut, storm_palace_corner_blocked,
          storm_palace_corner_altar, storm_palace_corner_grid], uniq_nikola
Spider:1: layout_spider_delve
Spider:2: layout_chambers, worms_lemuel, uniq_aizul
Spider:3: layout_spider_delve, uniq_agnes
Spider:4: guppyfry_spider_rune, uniq_donald, uniq_arachne
Orc:1:    layout_caves, serial_shops, shop_statue
Orc:2:    grunt_orc_tribal_feast, layout_diamond_mine,
          ebering_ghost_rock_garden, serial_shops, bzr_entry_water,
          nicolae_shop_stone, shop, shop_statue, guppyfry_library_mini
Vaults:1: v_misc_22, hangedman_vaults_impose, serial_ice_h, vaults_dpeg_ring,
          ontoclasm_vaults_decontamination, v_misc_29, grunt_vaults_twisty,
          v_misc_3, ontoclasm_vaults_shuriken, ontoclasm_vaults_hangar,
          vaults_room_pools, layout_vaults_big_room, uniq_saint_roka
Vaults:2: ontoclasm_vaults_fault, ontoclasm_vaults_chip,
          nicolae_vaults_border_crossing, v_misc_5, ontoclasm_vaults_twist,
          vaults_room_guarded_vault, grunt_vaults_focal, layout_vaults_quadrants
Vaults:3: nicolae_vaults_quartermaster, hangedman_vaults_variations,
          hangedman_vaults_corner_blocks, vaults_room_octagon,
          nicolae_vaults_network_s, minmay_crypt_entry_necro_gods,
          vaults_room_door_ring, nicolae_vaults_network_barrier,
          nicolae_vaults_network_quinsquares
          [nicolae_vaults_network_quincunx_subvault,
          nicolae_vaults_network_quincunx_subvault,
          nicolae_vaults_network_quincunx_subvault,
          nicolae_vaults_network_quincunx_subvault], v_misc_29,
          hangedman_vaults_trim, vaults_room_semicircle,
          ontoclasm_vaults_gateway, layout_vaults_maze_bifur
Vaults:4: v_rooms_3, nicolae_vaults_what_the_h,
          vaults_standard_mumra_enter_the_diamond, hangedman_vaults_nodes,
          vaults_room_pools, vaults_mumra_chevron, nicolae_vaults_asterisk,
          nicolae_vaults_network_periphery, ontoclasm_vaults_chip,
          nicolae_vaults_specimen_jars, hangedman_vaults_impose,
          vaults_room_door_ring, nicolae_vaults_little_squares_1,
          nicolae_vaults_statue_guard, serial_ice_h, layout_vaults_ring
Vaults:5: uniq_margery

Skill      XL: |  1  2  3  4  5  6  7  8  9 10 11 12 13 14 15 16 17 18 19 20 |
---------------+-------------------------------------------------------------+-----
Fighting       | 4 5 9 10 11 13 14 | 14.0
Invocations    | 3 6 8 11 | 11.8
Stealth        | 1 |  1.0
Shields        | 3 4 5 6 8 10 12 13 | 13.1
Dodging        | 4 5 6 7 9 11 | 11.6
Throwing       | 9 |  9.5
Fire Magic     | 4 8 10 | 10.5
Conjurations   | 3 8 10 | 10.1
Spellcasting   | 3 4 |  4.7
Poison Magic   | 7 8 12 15 19 | 19.4
Ranged Weapons | 6 12 14 | 14.1
Evocations     | 9 |  9.0
Transmutations | 9 |  9.0
Maces & Flails | |  2.1

Action                   |  1- 3 |  4- 6 |  7- 9 | 10-12 | 13-15 | 16-18 | 19-21 || total
-------------------------+-------+-------+-------+-------+-------+-------+-------++-------
Melee: Mace              |    76 |    97 |       |       |       |       |       ||   173
       Tailslap          |    11 |    11 |    73 |   115 |   100 |     1 |       ||   311
       Spear             |       |    39 |   423 |       |       |       |       ||   462
       Trident           |       |       |    66 |   550 |   622 |       |       ||  1238
       Greatsling        |       |       |       |       |       |     1 |       ||     1
 Fire: Sling             |    27 |       |       |       |       |       |       ||    27
       Greatsling        |       |       |       |       |   790 |  1933 |   956 ||  3679
Throw: Boomerang         |       |       |       |     3 |       |       |       ||     3
       Dart              |       |       |       |       |     9 |       |       ||     9
 Cast: Conjure Flame     |       |       |       |     3 |     7 |     9 |    11 ||    30
       Ignite Poison     |       |       |       |     3 |     3 |    10 |    24 ||    40
       Mephitic Cloud    |       |       |       |     2 |    14 |     8 |    23 ||    47
       Sticky Flame      |       |       |       |       |    12 |       |     3 ||    15
       Olgreb's Toxic Ra |       |       |       |       |       |    23 |    36 ||    59
       Alistair's Intoxi |       |       |       |       |       |       |    12 ||    12
       Eringya's Noxious |       |       |       |       |       |       |     2 ||     2
Invok: Banish            |       |       |     2 |    10 |    17 |    11 |     9 ||    49
       Corrupt           |       |       |       |     1 |     2 |     1 |       ||     4
       Bend Space        |       |       |       |       |    15 |    38 |     7 ||    60
 Abil: Breathe Noxious F |       |       |    20 |    37 |    49 |    17 |     8 ||   131
Evoke: Wand              |       |     6 |       |     5 |     5 |       |     3 ||    19
       Phantom mirror    |       |       |     1 |       |       |     2 |     1 ||     4
       Tin of tremorston |       |       |       |       |       |     5 |     2 ||     7
       Condenser vane    |       |       |       |       |       |     4 |     3 ||     7
  Use: Potion            |     1 |       |     6 |     2 |     4 |     5 |     2 ||    20
       Scroll            |     1 |     6 |    10 |     5 |    11 |     8 |     4 ||    45
 Stab: Sleeping          |       |     4 |     4 |     1 |     1 |       |       ||    10
       Confused          |       |       |    32 |    27 |    22 |       |       ||    81
       Invisible         |       |       |     1 |       |       |       |       ||     1
       Distracted        |       |       |       |     1 |       |       |       ||     1
Armor: Skin              |    24 |    40 |   139 |   170 |   349 |   263 |    90 ||  1075
Dodge: Dodged            |    80 |    68 |   199 |   288 |   530 |   448 |   159 ||  1772
Block: Kite shield       |       |    83 |   262 |   419 |   768 |   741 |   308 ||  2581

Table legend: (Time is in decaauts)
 A = Elapsed time spent in this place.
 B = Non-inter-level travel time spent in this place.
 C = Inter-level travel time spent in this place.
 D = Time resting spent in this place.
 E = Time spent auto-exploring this place.
 F = Levels seen in this place.
 G = Mean time per level.
                   A        B        C        D        E       F      G
               +--------+--------+--------+--------+--------+-----+--------+
         Total |  46086 |  43532 |   2554 |   5165 |  27245 |  39 | 1181.7 |
       Dungeon |  16162 |  14987 |   1175 |    803 |  10918 |  15 | 1077.5 |
          Lair |  11466 |  10723 |    743 |   2304 |   5482 |   5 | 2293.2 |
        Shoals |   4140 |   3984 |    156 |    281 |   2427 |   4 | 1035.0 |
   Spider Nest |   4084 |   3886 |    198 |    252 |   2599 |   4 | 1021.0 |
  Orcish Mines |   1778 |   1742 |     36 |     31 |   1031 |   2 |  889.0 |
        Vaults |   7422 |   7178 |    244 |    981 |   4673 |   5 | 1484.4 |
         Abyss |      1 |      1 |      0 |      0 |      0 |   1 |    1.0 |
        Bazaar |     41 |     41 |      0 |      0 |      0 |   1 |   41.0 |
        Bailey |    584 |    584 |      0 |    298 |    114 |   1 |  584.0 |
      Ice Cave |    405 |    405 |      0 |    213 |      0 |   1 |  405.0 |
               +--------+--------+--------+--------+--------+-----+--------+

Top non-repeatable levels by time:
  Lair:4: 2676 daAuts
  Lair:3: 2348 daAuts
  Lair:5: 2340 daAuts
  Lair:2: 2290 daAuts
Vaults:3: 1917 daAuts
Vaults:1: 1866 daAuts
     D:8: 1860 daAuts
  Lair:1: 1810 daAuts
Vaults:2: 1731 daAuts
Vaults:4: 1715 daAuts
Spider:2: 1480 daAuts
     D:1: 1429 daAuts
Shoals:2: 1366 daAuts
   Orc:2: 1363 daAuts
     D:6: 1328 daAuts

Table legend:
 A = Kills in this place as a percentage of kills in entire the game.
 B = Kills by you in this place as a percentage of kills by you in the entire game.
 C = Kills by friends in this place as a percentage of kills by friends in the entire game.
 D = Other kills in this place as a percentage of other kills in the entire game.
 E = Experience gained in this place as a percentage of experience gained in the entire game.
 F = Experience gained in this place divided by the number of levels of this place that you have seen.
                   A       B       C       D       E      F
               +-------+-------+-------+-------+-------+----------------------
         Total | 100.0 | 100.0 | 100.0 | 100.0 | 100.0 | 14447.0
       Dungeon |  24.6 |  25.2 |  16.7 |  18.0 |  10.9 | 4103.5
          Lair |  18.1 |  15.9 |   0.0 |  42.2 |  13.1 | 14767.0
        Shoals |  13.4 |  14.3 |   0.0 |   4.7 |  17.4 | 24546.0
   Spider Nest |  13.1 |  13.5 |  50.0 |   7.8 |  15.1 | 21293.5
  Orcish Mines |   6.9 |   6.7 |   0.0 |   9.4 |   2.7 | 7733.0
        Vaults |  22.3 |  23.1 |  33.3 |  14.1 |  40.4 | 45544.6
        Bailey |   1.2 |   1.0 |   0.0 |   3.1 |   0.2 | 975.0
      Ice Cave |   0.3 |   0.3 |   0.0 |   0.8 |   0.1 | 525.0
               +-------+-------+-------+-------+-------+----------------------
